Map: Winter Madness LE

Players

Cypem - Winner!

  • Race: Zerg Zerg
  • League: Grandmaster
  • Spawn Location: 5:00

A.I. 1 (Very Easy)

  • Race: Terran Terran
  • Spawn Location: 11:00

VOD

https://www.patreon.com/c/zergsgroundzero/posts

Description

Time

  • Played on: Feb. 7, 2026, 8:58 a.m.
  • Length: 8:26
Show
View Real Time Build Order
Export as new Build Order

Cypem Zerg - Winner!

Build Orders: Hatch First 

Get SALT Encoding   

  12  0:00  Drone  
  13  0:09  Drone  
  13  0:14  Extractor, Drone  
  15  0:36  Hatchery  
  15  0:39  Extractor  
  15  0:40  Drone  
  15  0:46  Overlord  
  15  1:01  Spawning Pool  
  14  1:05  Drone  
  14  1:08  Drone  
  17  1:11  Drone  
  17  1:16  Drone  
  18  1:26  Drone  
  19  1:37  Drone  
  20  1:47  Queen  
  20  1:48  Queen  
  20  1:49  Drone  
  20  1:52  Drone  
  26  1:58  Overlord  
  26  2:06  Drone  
  27  2:12  Drone  
  28  2:17  Hatchery  
  28  2:19  Drone  
  28  2:23  Drone x2  
  30  2:30  Queen  
  30  2:34  Overlord  
  32  2:40  Extractor, Drone  
  32  2:43  Drone x2  
  34  2:56  Drone x3  
  37  2:58  Extractor  
  37  3:01  Drone x2  
  37  3:04  Drone  
  37  3:05  Drone x2  
  41  3:12  Drone  
  42  3:14  Drone  
  42  3:19  Drone  
  44  3:25  Roach Warren  
  43  3:29  Drone x3  
  43  3:31  Overlord  
  43  3:33  Drone x2  
  48  3:39  Drone x2  
  50  3:49  Evolution Chamber  
  50  3:50  Evolution Chamber  
  50  3:51  Drone x3  
  50  3:52  Drone x3  
  54  3:59  Overlord x2  
  54  4:00  Drone  
  55  4:07  Roach  
  57  4:15  Drone  
  58  4:18  Lair  
  58  4:19  Zerg Missile Weapons Level 1  
  58  4:20  Drone x4  
  58  4:21  Roach x4  
  70  4:25  Drone x3  
  73  4:33  Overlord x3  
  73  4:40  Extractor  
  73  4:43  Overlord  
  73  4:44  Drone x2  
  74  4:47  Overlord, Extractor  
  74  4:52  Drone x2  
  75  4:53  Drone x5  
  80  5:01  Drone, Hatchery  
  80  5:09  Overlord  
  80  5:12  Drone  
  81  5:14  Extractor  
  81  5:16  Extractor, Spore Crawler  
  81  5:17  Spore Crawler  
  81  5:18  Spore Crawler  
  81  5:20  Overlord  
  81  5:21  Drone x10  
  80  5:23  Glial Reconstitution  
  80  5:27  Queen  
  88  5:29  Drone  
  88  5:34  Overlord  
  89  5:38  Overlord  
  89  5:39  Roach  
  89  5:40  Roach x3  
  89  5:42  Metabolic Boost  
  97  5:44  Roach  
  99  5:51  Overlord, Roach  
  99  5:52  Roach x5  
  99  5:53  Ravager x2  
  99  5:54  Ravager x2  
  115  6:03  Roach x3  
  121  6:06  Overlord  
  121  6:07  Overlord  
  121  6:11  Roach  
  123  6:18  Zerg Ground Armor Level 1  
  123  6:20  Roach  
  123  6:23  Roach x2  
  123  6:25  Roach  
  131  6:30  Roach x3  
  131  6:31  Overlord, Zergling x2  
  131  6:32  Zergling x10  
  143  6:36  Zergling x4  
  145  6:41  Baneling Nest  
  145  6:44  Overlord  
  145  6:45  Roach x6  
  156  6:49  Overlord  
  156  6:50  Roach  
  156  6:51  Roach  
  160  6:56  Roach x3  
  160  6:58  Overlord  
  166  7:02  Overlord  
  166  7:04  Ravager x2  
  166  7:06  Overlord  
  166  7:07  Roach x3  
  166  7:08  Roach  
  176  7:10  Roach  
  178  7:19  Overlord  
  178  7:21  Roach x6  
  190  7:25  Roach x2  
  190  7:27  Roach  
  196  7:30  Overlord  
  196  7:31  Roach x2  
  196  7:32  Overlord  
  200  7:43  Overlord  
  200  8:08  Zergling x2  
  199  8:14  Infestation Pit  
Show
View Real Time Build Order
Export as new Build Order

A.I. 1 (Very Easy) Terran 

Build Orders:  

Get SALT Encoding   

  12  0:00  SCV  
  13  0:13  SCV  
  14  0:18  Supply Depot  
  14  0:37  Refinery  
  14  0:42  Barracks  
  14  1:03  Supply Depot  
  14  1:12  Refinery  
  14  1:28  SCV  
  14  1:29  Marine  
  16  1:40  SCV  
  17  1:52  SCV  
  18  2:02  Marine  
  18  2:05  SCV  
  20  2:17  SCV  
  21  2:29  SCV  
  22  2:34  Marine  
  23  2:42  Orbital Command  
  23  5:47  SCV  
  23  5:48  Marine  
  23  5:49  Supply Depot  
  25  5:50  Factory  
  25  6:11  SCV  
  26  6:14  Supply Depot  
  26  6:22  Barracks Tech Lab  
  26  6:23  SCV  
  26  6:35  SCV  
  26  6:36  Starport  
  24  6:40  Marine  
  24  6:44  Command Center  
  25  6:47  SCV  
  26  6:59  SCV  
  27  7:13  Starport Tech Lab, Marine  
  27  7:32  Raven  
  29  7:46  Marauder  
  25  8:06  SCV  
Tags
 
Add a new tag
Caveats
  • Supply blocks, unpowered buildings, or Contaminate may cause inaccurate times.
  • Supply counts are checked every 10 seconds.